 Dungeon Crawl Stone Soup version 0.31-a0-1025-g2e47921a08 (webtiles) character file.

Game seed: 8636935870705436428

24530 Anon1729 the Fighter (level 12, 0/117 HPs)
             Began as a Minotaur Monk on Nov 17, 2023.
             Was a High Priest of Okawaru.
             Shot with an arrow by a centaur warrior (18 damage)
             ... on level 13 of the Dungeon.
             The game lasted 00:18:27 (13137 turns).

Anon1729 the Fighter (Minotaur Monk)               Turns: 13137, Time: 00:18:28

Health: 0/117      AC: 14    Str: 17    XL:     12   Next: 81%
Magic:  18/18      EV: 22    Int:  7    God:    Okawaru [*****.]
Gold:   657        SH:  5    Dex: 22    Spells: 11/11 levels left

rFire   + . .        L - +9 long sword of Integrity {spect, Dex+5}
rCold   . . .        d - orb {light}
rNeg    . . .        R - +3 robe of Doerchan {rElec rF+}
rPois   +            (helmet restricted)
rElec   +            T - +0 cloak {Stlth+}
rCorr   .            c - +0 pair of gloves
SInv    .            v - +2 pair of boots {Fly}
Will    .....        r - amulet of reflection
Stlth   +            E - +4 ring of protection
HPRegen 0.39/turn    I - ring of poison resistance
MPRegen 0.16/turn

%: reflection
@: about to teleport, flying, hasted, glowing, very quick
A: horns 2, retaliatory headbutt
a: Renounce Religion, Heroism, Finesse, Duel


You were on level 13 of the Dungeon.
You worshipped Okawaru.
Okawaru was extremely pleased with you.
You visited 2 branches of the dungeon, and saw 14 of its levels.
You also visited: Sewer and Gauntlet.

You collected 942 gold pieces.
You spent 285 gold pieces at shops.

Inventory:

Hand Weapons
 b - the +3 orcbow of Kismet {drain, *Slow Dex+7}
   (You took it off a minotaur in a Gauntlet)

   Dex+7:     It affects your dexterity (+7).
   *Slow:     It may slow you when you take damage.
 L - the +9 long sword of Integrity (weapon) {spect, Dex+5}
   (You bought it in a shop on level 8 of the Dungeon)

   Dex+5:     It affects your dexterity (+5).
 S - a +2 vampiric triple sword
 V - the +4 double sword "Earthworm" {elec, *Slow rPois rC+ Int+2}
   (You found it in a Gauntlet)

   Int+2:     It affects your intelligence (+2).
   rC+:       It protects you from cold.
   rPois:     It protects you from poison *Slow: It may slow you when you take
   damage.
Missiles
 a - 4 throwing nets
 t - 6 datura-tipped darts
 Q - 2 silver javelins
Armour
 c - a +0 pair of gloves (worn)
 d - an orb of light (worn)
 u - the +5 ring mail "Nimoluonn" {rN+ Str+2}
   (You took it off a minotaur in a Gauntlet)

   Str+2:     It affects your strength (+2).
   rN+:       It protects you from negative energy.
 v - a +2 pair of boots of flying (worn)
 G - the +3 robe "Bueczog" {Harm rC+}
   (You found it on level 6 of the Dungeon)

   rC+:       It protects you from cold.
   Harm:      It increases damage dealt and taken.
 R - the +3 robe of Doerchan (worn) {rElec rF+}
   (Okawaru gifted it to you on level 11 of the Dungeon)

   rF+:       It protects you from fire.
   rElec:     It insulates you from electricity.
 T - a +0 cloak of stealth (worn)
 U - the +4 kite shield of the Imp {Int+7}
   (You found it in a Gauntlet)

   Int+7:     It affects your intelligence (+7).
Jewellery
 e - an amulet of the acrobat
 j - an amulet of regeneration
 r - an amulet of reflection (around neck)
 E - a +4 ring of protection (left hand)
 I - a ring of poison resistance (right hand)
 J - a +6 ring of intelligence
 P - an amulet of guardian spirit
Wands
 l - a wand of polymorph (17)
 w - a wand of flame (8)
 A - a wand of digging (4)
 D - a wand of roots (15)
 O - a wand of light (6)
Scrolls
 f - 6 scrolls of amnesia
 h - 2 scrolls of immolation
 i - a scroll of blinking
 n - 3 scrolls of revelation
 o - 6 scrolls of teleportation
 p - a scroll of enchant weapon {unknown}
 x - 2 scrolls of enchant armour
 y - 2 scrolls of vulnerability
 B - a scroll of summoning {unknown}
 C - 3 scrolls of fog
 F - 5 scrolls of fear
 H - 2 scrolls of brand weapon
 M - 5 scrolls of torment
 X - a scroll of acquirement {unknown}
Potions
 g - 4 potions of lignification
 k - a potion of haste
 m - 3 potions of curing
 q - 3 potions of might
 s - a potion of mutation {unknown}
 z - a potion of magic {unknown}
 K - a potion of heal wounds
 N - a potion of invisibility {unknown}
 Y - a potion of brilliance {unknown}


   Skills:
 + Level 14.1 Fighting
 + Level 14.0 Long Blades
 + Level 12.9 Dodging
 + Level 9.3 Invocations


You had 11 spell levels left.
You didn't know any spells.
Your spell library contained the following spells:

 Spells                   Type           Power      Damage    Failure   Level
 Necrotise                Necr           0%         1d4       43%         1
 Blink                    Tloc           0%         N/A       56%         2
 Lesser Beckoning         Tloc           0%         N/A       56%         2
 Momentum Strike          Conj/Tloc      0%         3d8       56%         2
 Frozen Ramparts          Ice            0%         1d1       80%         3
 Hailstorm                Conj/Ice       0%         3d3       80%         3
 Sigil of Binding         Hex            0%         N/A       80%         3
 Vampiric Draining        Necr           0%         2d6       80%         3
 Volatile Blastmotes      Fire/Tloc      0%         2d10      80%         3
 Dimensional Bullseye     Hex/Tloc       0%         N/A       99%         4
 Fulminant Prism          Conj/Hex       0%         3d5       99%         4
 Iskenderun's Mystic Bla  Conj/Tloc      0%         2d3       99%         4
 Leda's Liquefaction      Hex/Erth       0%         N/A       99%         4
 Petrify                  Tmut/Erth      0%         N/A       99%         4
 Vhi's Electric Charge    Tloc/Air       0%         N/A       99%         4
 Agony                    Necr           0%         N/A       100%        5
 Alistair's Intoxication  Tmut/Pois      0%         N/A       100%        5
 Arcjolt                  Conj/Air       0%         1d10      100%        5
 Borgnjor's Vile Clutch   Necr/Erth      0%         N/A       100%        5
 Metabolic Englaciation   Hex/Ice        0%         N/A       100%        5
 Conjure Ball Lightning   Conj/Air       0%         3x3d6     100%        6
 Eringya's Noxious Bog    Tmut/Pois      0%         4d6       100%        6
 Discord                  Hex            0%         N/A       100%        8
 Disjunction              Tloc           0%         N/A       100%        8
 Maxwell's Capacitive Co  Air            0%         ∞         100%        8
 Call Canine Familiar     Summ           Unusable   N/A       N/A         3
 Summon Ice Beast         Ice/Summ       Unusable   N/A       N/A         4
 Simulacrum               Ice/Necr       Unusable   N/A       N/A         6

Dungeon Overview and Level Annotations

Branches:
Dungeon (13/15)            Temple (1/1) D:6            Lair (0/5) D:10
    Orc (0/2) D:9           Sewer (visited)         Gauntlet (visited)
 Vaults: D:13-14

Altars:
Ashenzari
Cheibriados
Dithmenos
Elyvilon
Fedhas
Gozag
Hepliaklqana
Kikubaaqudgha
Makhleb
Nemelex Xobeh
Okawaru
Qazlal
Ru
Sif Muna
Trog
Uskayaw
Vehumet
Wu Jian
Xom
Yredelemnul
Zin
The Shining One

Shops:
D:6 :   D:8 **

Portals:
Trove: D:11 (give +4 demon blade)


Innate Abilities, Weirdness & Mutations

You have a pair of horns on your head.
You reflexively headbutt those who attack you in melee.


Message History

The arrow barely misses you.
The centaur warrior shoots an arrow.
The arrow hits you but does no damage.
You are too injured to fight recklessly!
You are too injured to fight recklessly!
You slice the centaur warrior!!
The centaur warrior is heavily wounded.
The vault guard closely misses you.
The centaur warrior unwields a +0 orcbow.
The centaur warrior hits you but does no damage.
The centaur warrior kicks you but does no damage.
You slash the centaur warrior!
The centaur warrior is severely wounded.
You slash the centaur warrior!
The centaur warrior is almost dead.
The vault guard misses you.
The centaur warrior hits you but does no damage.
The centaur warrior kicks you.
You barely miss the centaur warrior.
The centaur warrior is almost dead.
You slice the centaur warrior!!
You kill the centaur warrior!
Okawaru accepts your kill. Okawaru grants you throwing weapons!
Something appears at your feet!
The vault guard hits you from afar with a +0 bardiche!!
* * * LOW HITPOINT WARNING * * *
The centaur shoots an arrow.
The arrow completely misses you.
Found 4 stones.
Found a serpent talisman.
Unknown command.
An acid dragon comes into view.
The acid dragon roars!
The acid dragon spits acid at you. The splash of acid misses you.
As you read the scroll of teleportation, it crumbles to dust.
You feel strangely unstable.
The centaur warrior shoots an arrow.
The arrow hits you!
* * * LOW HITPOINT WARNING * * *
The centaur warrior shoots an arrow.
The arrow hits you!!
You die...

...D........pD(cc..
##...cc#######c).
#.....# ##.)#
#...D.######..##
#..p..#.........
#.....#.........
###....%#.<.......
#...##############
#@### ###


You could see an eight-headed hydra, a vault guard, a centaur warrior and a
centaur.

Vanquished Creatures
  Gastronok (D:9)
  A minotaur (Gauntlet)
  A hydra (Arena)
  2 centaur warriors
  Harold (D:9)
  A catoblepas (D:8)
  6 two-headed ogres
  Urug (D:13)
  An arcanist (Gauntlet)
  Pikel (D:4)
  2 deep elf pyromancers
  2 ugly things
  A smoke demon (Gauntlet)
  2 gargoyles
  Jeremiah (D:9)
  2 kobold demonologists (D:10)
  An unseen horror (D:12)
  3 trolls
  5 slime creatures (D:12)
  A culicivora (shapeshifter) (D:12)
  5 shadows (Gauntlet)
  A wyvern (D:9)
  15 yaks
  A vampire (D:11)
  Grum (D:9)
  2 steam dragons
  3 vampire mosquitoes (D:11)
  Menkaure (D:4)
  Edmund (D:3)
  2 water moccasins
  A swamp drake (D:9)
  2 ice beasts
  7 orc warriors
  2 wolves (D:9)
  4 centaurs
  A phantom (D:6)
  8 kobold brigands
  6 bullfrogs
  2 gnoll sergeants (D:9)
  2 scorpions
  7 wights
  17 killer bees
  6 howler monkeys
  4 crimson imps (Gauntlet)
  3 hounds
  2 jellies
  2 sleepcaps
  10 orc priests
  3 iguanas
  Ijyb (D:4)
  14 orc wizards
  Robin (D:2)
  11 gnolls
  8 adders
  A river rat (D:6)
  5 white imps
  3 dart slugs
  3 worms
  40 orcs
  8 ball pythons
  2 bats (D:1)
  6 endoplasms
  5 giant cockroaches
  15 goblins
  10 hobgoblins
  3 jackals (D:4)
  7 quokkas
  2 frilled lizards (D:1)
  2 goblin skeletons (D:3)
  A hobgoblin zombie (D:3)
  20 kobolds
  A kobold skeleton (D:3)
  A kobold zombie (D:3)
  2 orc skeletons (D:3)
  An orc zombie (D:3)
  4 rats
334 creatures vanquished.

Vanquished Creatures (others)
  2 wights (D:6)
  2 spectral weapons (Arena)
4 creatures vanquished.

Grand Total: 338 creatures vanquished

Notes
Turn   | Place    | Note
-------+----------+-------------------------------------------
     0 | D:1      | Anon1729 the Minotaur Monk began the quest for the Orb.
     0 | D:1      | Reached XP level 1. HP: 19/19 MP: 0/0
     6 | D:1      | Noticed a polar bear
     6 | D:1      | Noticed a lindwurm
     7 | D:1      | Noticed an iguana
     7 | D:1      | Noticed a black mamba
   121 | D:1      | Reached XP level 2. HP: 27/27 MP: 1/1
   545 | D:1      | Reached XP level 3. HP: 24/33 MP: 2/2
   608 | D:2      | Noticed Robin
   826 | D:2      | Killed Robin
  1425 | D:3      | Reached XP level 4. HP: 21/41 MP: 3/3
  1649 | D:3      | Found a glowing golden altar of the Shining One.
  1661 | D:3      | Reached skill level 5 in Fighting
  1661 | D:3      | Reached skill level 5 in Long Blades
  1661 | D:3      | Reached XP level 5. HP: 29/48 MP: 4/4
  2167 | D:4      | Noticed Edmund
  2167 | D:4      | Noticed Ijyb
  2180 | D:3      | Killed Edmund
  2181 | D:3      | Reached skill level 5 in Dodging
  2181 | D:3      | Reached XP level 6. HP: 30/56 MP: 5/5
  2421 | D:4      | Killed Ijyb
  2466 | D:4      | Noticed Pikel
  2480 | D:4      | Killed Pikel
  2481 | D:4      | Reached XP level 7. HP: 30/64 MP: 6/6
  2956 | D:4      | Noticed Menkaure
  2961 | D:4      | Killed Menkaure
  2962 | D:4      | Reached XP level 8. HP: 49/73 MP: 7/7
  3041 | D:4      | Found a stormy altar of Qazlal.
  3041 | D:4      | Found an ancient bone altar of Kikubaaqudgha.
  3041 | D:4      | Found a broken altar of Ashenzari.
  3106 | D:4      | Found an opulent altar of Gozag.
  3259 | D:4      | Found a glowing silver altar of Zin.
  3288 | D:4      | Found a hazy altar of Hepliaklqana.
  3631 | D:5      | Entered Level 5 of the Dungeon
  4314 | D:5      | Found a hide-covered altar of Uskayaw.
  4841 | D:6      | Identified the +3 robe "Bueczog" {Harm rC+}
  5232 | D:6      | Found a glowing drain.
  5350 | Sewer    | Entered a sewer
  5384 | Sewer    | Reached XP level 9. HP: 83/83 MP: 8/8
  5551 | D:6      | Found a staircase to the Ecumenical Temple.
  5660 | D:6      | Found Uty Pan's Self-Improvement Boutique.
  5862 | Temple   | Entered the Ecumenical Temple
  5881 | Temple   | Became a worshipper of Warmaster Okawaru
  5881 | Temple   | Reached * piety under Okawaru
  5881 | Temple   | Reached ** piety under Okawaru
  6011 | D:6      | Reached skill level 1 in Invocations
  6123 | D:7      | Reached *** piety under Okawaru
  6221 | D:7      | Reached skill level 10 in Fighting
  6297 | D:7      | Reached skill level 10 in Long Blades
  6567 | D:7      | Noticed a troll
  6577 | D:7      | Killed a troll
  6588 | D:7      | Reached XP level 10. HP: 30/94 MP: 8/11
  7018 | D:7      | Found a snail-covered altar of Cheibriados.
  7226 | D:8      | Reached **** piety under Okawaru
  7396 | D:8      | Noticed a two-headed ogre
  7406 | D:8      | Killed a two-headed ogre
  7407 | D:8      | Reached skill level 10 in Dodging
  7642 | D:8      | Noticed a purple ugly thing
  7645 | D:8      | Reached skill level 5 in Invocations
  7664 | D:8      | Noticed a catoblepas
  7669 | D:8      | Found Vafobb's Assorted Antiques.
  7904 | D:8      | Reached ***** piety under Okawaru
  8088 | D:8      | Killed a purple ugly thing
  8088 | D:8      | Received a gift from Okawaru
  8252 | D:8      | Bought a steaming long sword for 255 gold pieces
  8252 | D:8      | Identified the +9 long sword of Integrity {spect, Dex+5}
                  | (You bought it in a shop on level 8 of the Dungeon)
  8252 | D:8      | Bought a scroll labelled ANNOUMUUNI for 30 gold pieces
  8325 | D:8      | Found Ea-nāṣir's Fine Metal Goods.
  8447 | D:8      | Killed a catoblepas
  8448 | D:8      | Reached XP level 11. HP: 58/103 MP: 14/14
  8504 | D:8      | Noticed a centaur warrior
  8528 | D:8      | Killed a centaur warrior
  8929 | D:8      | Noticed a deep elf pyromancer
  8931 | D:8      | Killed a deep elf pyromancer
  9023 | D:9      | Noticed Harold
  9032 | D:9      | Killed Harold
  9108 | D:9      | Received a gift from Okawaru
  9183 | D:9      | Found a staircase to the Orcish Mines.
  9428 | D:9      | Found a sparkling altar of Nemelex Xobeh.
  9428 | D:9      | Found a blossoming altar of Fedhas.
  9465 | D:9      | Noticed Jeremiah
  9472 | D:9      | Killed Jeremiah
  9600 | D:9      | Noticed Gastronok
  9612 | D:9      | Killed Gastronok
  9714 | D:9      | Noticed Grum
  9722 | D:9      | Killed Grum
 10029 | D:10     | Entered Level 10 of the Dungeon
 10029 | D:10     | Noticed a two-headed ogre
 10034 | D:10     | Killed a two-headed ogre
 10034 | D:10     | Received a gift from Okawaru
 10087 | D:10     | Found a shadowy altar of Dithmenos.
 10122 | D:10     | Noticed a two-headed ogre
 10127 | D:10     | Killed a two-headed ogre
 10339 | D:10     | Found a staircase to the Lair.
 10611 | D:11     | Reached XP level 12. HP: 113/113 MP: 16/16
 10834 | D:11     | Found a portal to a secret trove of treasure.
 11003 | D:11     | Noticed a two-headed ogre
 11008 | D:11     | Killed a two-headed ogre
 11008 | D:11     | Reached ****** piety under Okawaru
 11008 | D:11     | Received a gift from Okawaru
 11020 | D:11     | Acquired the +3 robe of Doerchan {rElec rF+}
 11020 | D:11     | Received a gift from Okawaru
 11032 | D:11     | Acquired a +2 vampiric triple sword
 11032 | D:11     | Received a gift from Okawaru
 11169 | D:12     | Found the +5 robe of Misfortune {Harm *Corrode *Slow EV+5}
 11236 | D:12     | Identified the +0 ring mail "Qiunwacw" {rN+ Str+3}
 11340 | D:12     | Found a gate leading to a gauntlet.
 11347 | Gauntlet | Entered a Gauntlet
 11347 | Gauntlet | Found a transporter.
 11347 | Gauntlet | Found a transporter.
 11351 | Gauntlet | Found a transporter.
 11351 | Gauntlet | Found a transporter.
 11362 | Gauntlet | Found a transporter.
 11371 | Gauntlet | Found a transporter.
 11376 | Gauntlet | Noticed a death yak
 11377 | Gauntlet | Noticed a death yak
 11377 | Gauntlet | Noticed a death yak
 11377 | Gauntlet | Noticed a death yak
 11377 | Gauntlet | Noticed a death yak
 11379 | Gauntlet | Found a transporter.
 11385 | Gauntlet | Found a transporter.
 11393 | Gauntlet | Found a transporter.
 11394 | Gauntlet | Found a transporter.
 11395 | Gauntlet | Noticed a death yak
 11400 | Gauntlet | Found a transporter.
 11446 | Gauntlet | Found a transporter.
 11492 | Gauntlet | Found a transporter.
 11510 | Gauntlet | Found a transporter.
 11608 | Gauntlet | Found a transporter.
 11622 | Gauntlet | Found a transporter.
 11867 | Gauntlet | Identified the -1 hat of Weetiell {Int+2}
 11924 | Gauntlet | Identified the +3 orcbow of Kismet {drain, *Slow Dex+7}
 11924 | Gauntlet | Identified the +5 ring mail "Nimoluonn" {rN+ Str+2}
 11924 | Gauntlet | Noticed a minotaur
 11953 | Gauntlet | Killed a minotaur
 11975 | Gauntlet | Identified the +4 kite shield of the Imp {Int+7}
 11975 | Gauntlet | Identified the +4 double sword "Earthworm" {elec, *Slow
                  | rPois rC+ Int+2}
 12244 | D:12     | Noticed a two-headed ogre
 12250 | D:12     | Killed a two-headed ogre
 12250 | D:12     | Received a gift from Okawaru
 12545 | D:12     | Noticed a two-headed ogre
 12549 | D:12     | Killed a two-headed ogre
 12786 | D:13     | Noticed Urug
 12789 | D:13     | Noticed a centaur warrior
 12792 | D:13     | Killed Urug
 12793 | D:13     | Noticed a four-headed hydra
 12797 | D:13     | Noticed a centaur warrior
 13076 | D:13     | Noticed a vault guard
 13078 | D:13     | Noticed an eight-headed hydra
 13083 | Arena    | Entered the Arena
 13090 | Arena    | Killed a 16-headed hydra
 13119 | D:13     | Killed a centaur warrior
 13119 | D:13     | Received a gift from Okawaru
 13137 | D:13     | Shot with an arrow by a centaur warrior

Illustrated notes

Levels and vault maps discovered:
D:1:      onia_arrival_zoo_common, layout_basic
D:2:      layout_loops_ring, chequers_serial_rivers_micro_c, uniq_robin
D:3:      layout_rooms, nicolae_tso_besieged_by_evil, grunt_decor_one_mirror
D:4:      nicolae_cairo_tiling, layout_cave_pools,
          mainiacjoe_overflow_boulevard, mainiacjoe_overflow_alcove_1,
          nicolae_overflow_crystal_walls, gammafunk_temple_overflow_forgotten,
          minmay_close_crescents, uniq_edmund, uniq_pikel, uniq_ijyb,
          uniq_menkaure
D:5:      layout_loops_corners, nicolae_uskayaw_suspiria
D:6:      layout_loops_ring, lemuel_temple_firewalk_b, portal_sewer_entry_b,
          nicolae_shop_self_help
D:7:      layout_rooms, kennysheep_little_box, enter_bailey_2
D:8:      minmay_diamond_stairs, layout_cave_pools, serial_shops,
          nicolae_shop_trees, nicolae_ea-nasir_strikes_again,
          minmay_crystal_water, kennysheep_nondescript, grunt_ministairs_4
D:9:      layout_roguey, mainiacjoe_overflow_divided_tiny, erik_orc_1,
          kennysheep_dice, uniq_harold, uniq_grum, uniq_jeremiah, uniq_gastronok
D:10:     layout_rooms, mainiacjoe_overflow_small_starburst, lair_entry_dummy
D:11:     layout_roguey, enter_trove_1
D:12:     layout_irregular_city, gauntlet_entry_generic, minivault_27
D:13:     layout_rooms, hellmonk_vaults_order_and_chaos, uniq_sonja, uniq_urug
Temple:   nicolae_temple_bog_church

Skill      XL: |  1  2  3  4  5  6  7  8  9 10 11 12 |
---------------+-------------------------------------+-----
Long Blades    | 4 5 6 7 8 10 11 12 14 | 14.0
Fighting       | 4 5 6 7 9 10 11 12 14 | 14.1
Dodging        | 4 5 6 8 9 10 11 12 | 12.9
Invocations    | 3 5 7 9 |  9.3

Action                     |  1- 3 |  4- 6 |  7- 9 | 10-12 || total
---------------------------+-------+-------+-------+-------++-------
  Melee: Falchion          |    90 |    67 |    34 |       ||   191
         Headbutt          |    21 |    19 |    89 |   139 ||   268
         Dagger            |       |       |   281 |   176 ||   457
         Unarmed           |       |       |     4 |       ||     4
         Long sword        |       |       |       |   247 ||   247
 Invoke: Heroism           |       |       |     1 |     1 ||     2
         Duel              |       |       |       |     1 ||     1
         Receive Weapon    |       |       |       |     1 ||     1
         Receive Armour    |       |       |       |     1 ||     1
  Evoke: Wand              |       |       |       |     2 ||     2
    Use: Potion            |       |       |     2 |     9 ||    11
         Scroll            |       |       |       |    15 ||    15
   Stab: Distracted        |       |       |       |     6 ||     6
         Invisible         |       |       |       |     3 ||     3
 Armour: Robe              |    63 |    12 |    76 |   210 ||   361
         Skin              |    15 |       |       |       ||    15
         Scale mail        |       |    15 |   132 |       ||   147
  Dodge: Dodged            |    70 |    42 |   242 |   364 ||   718
  Block: Other             |       |       |     1 |       ||     1

Table legend: (Time is in decaauts)
 A = Elapsed time spent in this place.
 B = Non-inter-level travel time spent in this place.
 C = Inter-level travel time spent in this place.
 D = Time resting spent in this place.
 E = Time spent auto-exploring this place.
 F = Levels seen in this place.
 G = Mean time per level.
                   A        B        C        D        E       F      G
               +--------+--------+--------+--------+--------+-----+--------+
         Total |  12930 |  12443 |    487 |   1199 |   9150 |  17 |  760.6 |
       Dungeon |  12139 |  11689 |    450 |   1199 |   8729 |  13 |  933.8 |
        Temple |     38 |      1 |     37 |      0 |      0 |   1 |   38.0 |
         Sewer |    109 |    109 |      0 |      0 |     86 |   1 |  109.0 |
      Gauntlet |    616 |    616 |      0 |      0 |    335 |   1 |  616.0 |
         Arena |     26 |     26 |      0 |      0 |      0 |   1 |   26.0 |
               +--------+--------+--------+--------+--------+-----+--------+

Top non-repeatable levels by time:
     D:8: 1813 daAuts
    D:12: 1244 daAuts
     D:4: 1222 daAuts
     D:5: 1156 daAuts
     D:6: 1111 daAuts
     D:3: 1055 daAuts
     D:7: 1027 daAuts
     D:9: 996 daAuts
     D:1: 772 daAuts
Gauntlet: 616 daAuts
     D:2: 585 daAuts
    D:10: 568 daAuts
    D:11: 544 daAuts
   Sewer: 109 daAuts
    D:13: 40 daAuts
